 Dungeon Crawl Stone Soup version 0.24.0-123-gd5b16e6ec5 (webtiles) character file.

Game seed: 16960012755377270122, levelgen mode: deterministic

816 FishyPogo the Skirmisher (level 7, -3/56 HPs)
             Began as a Demonspawn Chaos Knight on Jan 26, 2020.
             Was a Plaything of Xom.
             Slain by Sigmund
             ... wielding a +0 scythe
              (11 damage)
             ... on level 4 of the Dungeon.
             The game lasted 00:09:32 (3058 turns).

FishyPogo the Skirmisher (Demonspawn Chaos Knight)  Turns: 3058, Time: 00:09:33

Health: -3/56      AC:  8    Str: 14    XL:     7   Next: 62%
Magic:  7/7        EV: 13    Int: 13    God:    Xom [.....*]
Gold:   151        SH:  0    Dex: 13    Spells: 6/6 levels left

rFire    + . .     SeeInvis .   b - +2 hand axe (flame)
rCold    . . .     Gourm    .   (no shield)
rNeg     . . .     Faith    +   y - +2 leather armour
rPois    .         Spirit   .   q - +2 hat
rElec    .         Reflect  .   o - +0 cloak
rCorr    .         Harm     .   (no gloves)
MR       .....                  (no boots)
Stlth    +.........             g - amulet of faith
HPRegen  0.18/turn              (no ring)
MPRegen  0.10/turn              (no ring)

@: lethally poisoned (-3 -> -5)
A: antennae 2, demonic guardian 1, fire resistance 1
a: Renounce Religion


You were on level 4 of the Dungeon.
You worshipped Xom.
You were Xom's teddy bear.
You were hungry.

You visited 1 branch of the dungeon, and saw 4 of its levels.

You collected 151 gold pieces.

Inventory:

Hand Weapons
 a - a +0 falchion of chaos
 b - a +2 hand axe of flaming (weapon)
Missiles
 d - 106 stones
 i - 7 javelins
 p - 10 poisoned darts (quivered)
 F - 6 boomerangs of dispersal
Armour
 o - a +0 cloak (worn)
 q - a +2 hat (worn)
 y - a +2 leather armour (worn)
Jewellery
 g - an amulet of faith (around neck)
 n - an uncursed ring of see invisible {unknown}
 C - an uncursed ring of fire
Wands
 s - a wand of flame (8)
 v - a wand of iceblast (9)
 w - a wand of paralysis (7)
Scrolls
 j - 5 scrolls of teleportation {unknown}
 k - 2 scrolls of blinking {unknown}
 l - a scroll of amnesia {unknown}
 m - 6 scrolls of identify {unknown}
 r - a scroll of random uselessness {unknown}
 u - 2 scrolls of enchant armour {unknown}
 D - a scroll of magic mapping {unknown}
Potions
 e - a potion of invisibility
 f - 2 potions of heal wounds
 t - 2 potions of flight {unknown}
 x - 2 potions of brilliance {unknown}
 z - 3 potions of resistance {unknown}
 A - 2 potions of ambrosia {unknown}
 E - a potion of agility {unknown}
 G - a potion of curing
Comestibles
 c - 10 rations
 B - 4 chunks of flesh


   Skills:
 + Level 5.1 Fighting
 - Level 3.0 Long Blades
 * Level 3.5 Axes
 + Level 0.6 Throwing
 * Level 4.2 Armour
 + Level 3.7 Dodging


You had 6 spell levels left.
You didn't know any spells.
Your spell library was empty.

Dungeon Overview and Level Annotations

Branches:
Dungeon (4/15)
 Temple: D:4-7

Altars:
Cheibriados
Sif Muna
Xom

Annotations:
D:3 exclusion: downstairs
D:4 Menkaure, Sigmund


Innate Abilities, Weirdness & Mutations

You have a pair of antennae on your head.
A weak demonic guardian rushes to your aid.
Your flesh is heat resistant. (rF+)


Message History

You miss something.
You feel sick.
You barely miss something.
You hear a zap.
A puff of flame appears from out of thin air!
The puff of flame hits you. You resist.
* * * LOW HITPOINT WARNING * * *
Something hits you but does no damage.
You barely miss something.
You feel sick.
Your iron imp disappears in a puff of smoke!
You miss something.
You hear a zap.
A puff of flame appears from out of thin air!
The puff of flame hits you. You resist.
* * * LOW HITPOINT WARNING * * *
It was a potion of magic.
Magic courses through your body.
You feel sick.
You hear a zap.
A puff of flame appears from out of thin air!
The puff of flame misses you.
You hit something. You burn something. Something hits you!
You die...

.... #..## ##.... .....
...### ...# #.#?..#...
#..# .#.......#
...####{5###.#...#.#.
......)@)............ #
...####..##.......# .#
#..##.##....###. .. #
#..##.#<..[..... ..
#...####.###.##....### ..
#..................###.#
..
......................).
. ...................###.
.
...#############...###.##


You could see a friendly ufetubus.

Vanquished Creatures
  Grinder (D:3)
  An ogre (D:4)
  A tengu (D:4)
  3 orc priests (D:3)
  2 hounds
  3 orc wizards
  2 worker ants (D:4)
  4 adders
  An ooze (D:2)
  An adder skeleton (D:4)
  2 worms
  2 dart slugs
  5 leopard geckos
  17 orcs
  A giant cockroach (D:3)
  8 goblins
  7 hobgoblins
  5 quokkas
  A ball python (D:3)
  8 bats
  3 frilled lizards
  7 kobolds
  9 rats
94 creatures vanquished.

Vanquished Creatures (collateral kills)
  3 orc priests
  Jessica (D:2)
  An adder (D:3)
  4 orcs
  A giant cockroach (D:3)
  A hobgoblin (D:3)
  A quokka (D:2)
12 creatures vanquished.

Vanquished Creatures (others)
  A hobgoblin (D:3)
1 creature vanquished.

Grand Total: 107 creatures vanquished

Notes
Turn   | Place    | Note
-------+----------+-------------------------------------------
     0 | D:1      | FishyPogo the Demonspawn Chaos Knight began the quest for
                  | the Orb.
     0 | D:1      | Reached XP level 1. HP: 18/18 MP: 1/1
    52 | D:1      | Reached skill level 1 in Dodging
   157 | D:1      | Gained mutation: Your flesh is heat resistant. (rF+)
                  | [demonic ancestry]
   157 | D:1      | Reached XP level 2. HP: 22/24 MP: 2/2
   398 | D:1      | XOM: harmless Summ miscast
   621 | D:2      | Reached XP level 3. HP: 23/29 MP: 3/3
   720 | D:2      | Found a shimmering blue altar of Sif Muna.
   817 | D:2      | HP: 1/29 [poisoned by a kobold]
  1109 | D:2      | XOM: silly message
  1267 | D:2      | XOM: cloud trail
  1360 | D:2      | XOM: noise
  1530 | D:2      | Gained mutation: A weak demonic guardian rushes to your
                  | aid. [demonic ancestry]
  1530 | D:2      | Reached XP level 4. HP: 36/36 MP: 4/4
  1720 | D:2      | Noticed Jessica
  1724 | D:2      | XOM: summons friendly white imp
  1729 | D:2      | Killed Jessica
  1729 | D:2      | Reached skill level 4 in Fighting
  1852 | D:4      | Noticed Menkaure
  1896 | D:3      | Reached XP level 5. HP: 35/42 MP: 5/5
  2008 | D:3      | XOM: divination: detect items
  2107 | D:2      | XOM: scenery: 2 doors close
  2254 | D:3      | Reached skill level 1 in Axes
  2350 | D:3      | XOM: mild Fire miscast
  2358 | D:3      | XOM: harmless Ice miscast
  2399 | D:3      | Noticed Grinder
  2412 | D:3      | XOM: divination: magic mapping
  2435 | D:3      | Killed Grinder
  2435 | D:3      | Gained mutation: You have a pair of small antennae on your
                  | head. [demonic ancestry]
  2435 | D:3      | Reached XP level 6. HP: 27/49 MP: 6/6
  2585 | D:3      | XOM: cast spell 'Discord'
  2596 | D:3      | Gained mutation: You have a pair of antennae on your head.
                  | [demonic ancestry]
  2596 | D:3      | Reached XP level 7. HP: 30/55 MP: 7/7
  2644 | D:3      | Found a shimmering altar of Xom.
  2837 | D:4      | Reached skill level 5 in Fighting
  2990 | D:4      | Found a snail-covered altar of Cheibriados.
  3038 | D:4      | Noticed Sigmund
  3044 | D:4      | XOM: summons friendly ufetubus
  3058 | D:4      | Slain by Sigmund

Levels and vault maps discovered:
D:1:      moated_graveyard_arrival, layout_rooms, columned_hall_lemuel,
          minivault_14
D:2:      layout_basic, lemuel_doored_altar, first_ration,
          minmay_misc_feat_tiny, kennysheep_jessica_study
D:3:      layout_rooms, nicolae_overflow_crystal_walls, minmay_box_of_dots,
          uniq_grinder
D:4:      layout_basic, nicolae_overflow_hidden_temple, uniq_sigmund,
          uniq_menkaure

Skill      XL: |  1  2  3  4  5  6  7 |
---------------+----------------------+-----
Dodging        | 1 2 3 |  3.7
Armour         | 2 3 4 |  4.2
Long Blades    | 3 |  3.0
Fighting       | 4 5 |  5.1
Axes           | 2 3 |  3.5
Throwing       | |  0.6

Action                   |  1- 3 |  4- 6 |  7- 9 || total
-------------------------+-------+-------+-------++-------
Melee: Falchion          |   114 |   141 |    26 ||   281
       Hand axe          |       |       |    43 ||    43
Throw: Javelin           |       |     3 |       ||     3
       Dart              |       |     1 |     4 ||     5
  Use: Potion            |     2 |     1 |     1 ||     4
 Stab: Paralysed         |     2 |       |       ||     2
       Confused          |     1 |       |       ||     1
       Sleeping          |     1 |       |       ||     1
  Eat: Chunk             |     2 |     4 |     1 ||     7
Armor: Leather armour    |    32 |    40 |    18 ||    90
Dodge: Dodged            |    62 |    81 |    36 ||   179
       Rpst.: Falchion   |    26 |    24 |     5 ||    55
